 Dungeon Crawl Stone Soup version 0.29.0-15-g675c0067aa (webtiles) character file.

Game seed: 7337017550094193457

174 Ordine the Magician (level 5, -5/28 HPs)
             Began as a Deep Elf Hedge Wizard on Sept 11, 2022.
             Killed from afar by Ijyb (21 damage)
             ... with a bolt of acid
             ... on level 3 of the Dungeon.
             The game lasted 00:09:53 (4053 turns).

Ordine the Magician (Deep Elf Hedge Wizard)         Turns: 4053, Time: 00:09:54

Health: -5/28      AC: -1    Str:  7    XL:     5   Next: 28%
Magic:  9/14       EV: 12    Int: 21    God:
Gold:   74         SH:  0    Dex: 14    Spells: 9/14 levels left

rFire   . . .      SeeInvis .   a - +0 dagger
rCold   . . .      Faith    .   (no shield)
rNeg    . . .      Spirit   .   b - +0 robe
rPois   .          Reflect  .   c - +0 hat
rElec   .          Harm     .   (no cloak)
rCorr   .          Rampage  .   (no gloves)
Will    .....                   k - +0 pair of boots
Stlth   ++........              (no amulet)
HPRegen 0.09/turn               (no ring)
MPRegen 0.14/turn               (no ring)

@: corroded
A: no striking features
a: no special abilities


You were on level 3 of the Dungeon.
You visited 1 branch of the dungeon, and saw 3 of its levels.

You collected 128 gold pieces.
You spent 54 gold pieces at shops.

Inventory:

Hand Weapons
 a - a +0 dagger (weapon)
Missiles
 l - a throwing net
Armour
 b - a +0 robe (worn)
 c - a +0 hat (worn)
 k - a +0 pair of boots (worn)
Scrolls
 f - a scroll of enchant weapon
 i - 3 scrolls of teleportation
 j - a scroll of poison {unknown}
Potions
 d - a potion of magic
 e - 2 potions of degeneration {unknown}
 g - a potion of curing {unknown}
 h - a potion of heal wounds {unknown}


   Skills:
 + Level 1.8 Short Blades
 - Level 2.4 Dodging
 + Level 3.7 Stealth
 - Level 5.0 Spellcasting
 - Level 3.0 Conjurations
 + Level 2.2 Summonings
 + Level 2.2 Translocations


You had 9 spell levels left.
You knew the following spells:

 Your Spells              Type           Power      Damage    Failure   Level
a - Magic Dart            Conj           68%        1d6       3%          1
b - Call Imp              Summ           14%        N/A       6%          2
f - Blink                 Tloc           28%        N/A       6%          2

Your spell library contained the following spells:

 Spells                   Type           Power      Damage    Failure   Level
 Slow                     Hex            20%        N/A       11%         1
 Scorch                   Fire           10%        2d6       16%         2
 Conjure Flame            Conj/Fire      11%        6-21      17%         3
 Mephitic Cloud           Conj/Pois/Air  9%         N/A       22%         3
 Frozen Ramparts          Ice            10%        1d2       32%         3
 Flame Wave               Conj/Fire      11%        2d6       50%         4
 Summon Ice Beast         Ice/Summ       9%         N/A       56%         4
 Ice Form                 Ice/Tmut       5%         N/A       71%         4
 Summon Cactus Giant      Summ           7%         N/A       100%        6


Dungeon Overview and Level Annotations

Branches:
Dungeon (3/15)

Altars:
Trog

Shops:
D:1 *

Annotations:
D:3 Ijyb


Message History

a +4 club; a +0 robe; the human corpse of Jessica
m - a +4 club
Okay, then.
Okay, then.
You drop a +4 club.
You see here a jackal corpse.
There is a stone staircase leading down here.
Found a whip.
A ball python comes into view.
The magic dart hits the ball python.
You kill the ball python!
You can't see any susceptible monsters within range! (Use Z to cast anyway.) Magic restored.
You now have 65 gold pieces (gained 11).
You see here 6 stones.
You now have 74 gold pieces (gained 9).
There is a stone staircase leading up here.
Ijyb the Twisted Goblin comes into view.
She is wielding a +0 club and carrying a wand of acid (6).
Ijyb shouts!
Casting: Magic Dart (safe; 3% risk of failure)
Confirm with . or Enter, or press ? or * to list all spells.
A beastly little devil appears in a puff of flame.
Casting: Call Imp (safe; 6% risk of failure)
Confirm with . or Enter, or press ? or * to list all spells.
A beastly little devil appears in a puff of flame.
Your crimson imp disappears in a puff of smoke!
Ijyb zaps a wand.
The bolt of acid hits you! The acid corrodes you!
Your crimson imp hits Ijyb but does no damage.
Casting: Call Imp (safe; 6% risk of failure)
Confirm with . or Enter, or press ? or * to list all spells.
A beastly little devil appears in a puff of frigid air.
Your crimson imp disappears in a puff of smoke!
Ijyb hits your white imp with a +0 club.
There is a stone staircase leading up here.
Your white imp barely misses Ijyb.
Ijyb barely misses your white imp.
Your white imp gestures at Ijyb.
The puff of frost hits Ijyb!
Ijyb zaps a wand.
The bolt of acid misses your white imp. The bolt of acid hits you!!
Ouch! That really hurt!
You die...

......#..####.# #..#
##.####.(.....# #..# ##.##
##.###### #..# #...##
#.....# #..# .#.#.#######.#
#..# ##.##.# #.# #..#
....).# #.# #..######.
##.#..######.######....>....
.#.#............@...5g......
#.......####.......§........
#######.†............#######
################


You could see Ijyb (ally target) and a friendly white imp (summoned).

Vanquished Creatures
  3 adders (D:2)
  3 gnolls
  A worm (D:3)
  4 ball pythons
  13 bats
  6 endoplasms
  A giant cockroach (D:3)
  4 goblins
  6 hobgoblins
  4 jackals (D:3)
  A quokka (D:1)
  2 frilled lizards (D:1)
  4 kobolds
  11 rats
63 creatures vanquished.

Vanquished Creatures (collateral kills)
  Jessica (D:3)
  Terence (D:2)
  A goblin (D:2)
3 creatures vanquished.

Vanquished Creatures (others)
  A plant (D:1)
  A withered plant (D:1)
2 creatures vanquished.

Grand Total: 68 creatures vanquished

Notes
Turn   | Place    | Note
-------+----------+-------------------------------------------
     0 | D:1      | Ordine the Deep Elf Hedge Wizard began the quest for the
                  | Orb.
     0 | D:1      | Reached XP level 1. HP: 10/10 MP: 7/7
    18 | D:1      | Found Gut Reig's Assorted Antiques.
   473 | D:1      | Found a faded altar of an unknown god.
   501 | D:1      | Reached XP level 2. HP: 4/15 MP: 0/9
   719 | D:1      | Learned a level 2 spell: Blink
   722 | D:1      | Learned a level 2 spell: Call Imp
  1448 | D:1      | Bought 3 scrolls labelled EGHYGG SOOSCHEWK for 54 gold
                  | pieces
  1512 | D:2      | Reached XP level 3. HP: 19/19 MP: 4/11
  1630 | D:2      | Reached skill level 1 in Short Blades
  1770 | D:2      | Found a bloodstained altar of Trog.
  2097 | D:2      | Reached XP level 4. HP: 24/24 MP: 8/12
  2259 | D:2      | Noticed Terence
  2607 | D:2      | Killed Terence
  3495 | D:2      | Reached skill level 5 in Spellcasting
  3615 | D:3      | Reached XP level 5. HP: 17/28 MP: 5/14
  3860 | D:3      | Noticed Jessica
  3880 | D:3      | Killed Jessica
  4044 | D:3      | Noticed Ijyb
  4053 | D:3      | Killed from afar by Ijyb

Illustrated notes

Levels and vault maps discovered:
D:1:      lemuel_arrival_muddy, layout_basic, shapermc_ecumenical_altar_gd,
          serial_shops, shop_statue, nicolae_titane
D:2:      layout_basic, basic_altar, minmay_misc_feat_more_columns, uniq_terence
D:3:      layout_loops_ring, evilmike_ruin_ashenzari, lemuel_doored_altar,
          mainiacjoe_overflow_alcove_1, kennysheep_nub, uniq_jessica, uniq_ijyb,
          uniq_pargi

Skill      XL: |  1  2  3  4 |
---------------+-------------+-----
Conjurations   | 2 3 |  3.0
Stealth        | 3 |  3.7
Short Blades   | 1 |  1.8
Spellcasting   | 5 |  5.0
Translocations | 2 |  2.2
Summonings     | 2 |  2.2
Dodging        | |  2.4

Action                   |  1- 3 |  4- 6 || total
-------------------------+-------+-------++-------
Melee: Dagger            |    11 |     9 ||    20
 Cast: Magic Dart        |    94 |    54 ||   148
       Call Imp          |     1 |    23 ||    24
       Blink             |       |     2 ||     2
  Use: Scroll            |     3 |       ||     3
Armor: Robe              |     5 |    19 ||    24
Dodge: Dodged            |    28 |    46 ||    74
